 Dungeon Crawl Stone Soup version 0.27.0-1-g7a089689b8 (webtiles) character file.

Game seed: 6216294004717552477

858 zsapi the Skirmisher (level 8, -1/67 (69) HPs)
             Began as a Hill Orc Fighter on Aug 17, 2021.
             Was an Initiate of Gozag.
             Slain by a wight (2 damage)
             ... on level 6 of the Dungeon.
             The game lasted 01:33:12 (3759 turns).

zsapi the Skirmisher (Hill Orc Fighter)             Turns: 3759, Time: 01:33:20

HP:   -1/67 (69)    AC:  9    Str: 20    XL:     8   Next: 2%
MP:   8/8           EV:  6    Int:  8    God:    Gozag
Gold: 367           SH: 10    Dex: 13    Spells: 7/7 levels left

rFire    . . .     SeeInvis .   K - +4 war axe
rCold    . . .     Faith    .   c - +0 kite shield
rNeg     . . .     Spirit   .   y - +0 chain mail
rPois    .         Reflect  .   (no helmet)
rElec    .         Harm     .   (no cloak)
rCorr    .         Rampage  .   (no gloves)
Will     .....                  (no boots)
Stlth    ..........             (no amulet)
HPRegen  0.21/turn              (no ring)
MPRegen  0.11/turn              (no ring)

@: lightly drained
A: thin skeletal structure 1
a: Renounce Religion, Potion Petition, Call Merchant, Bribe Branch


You were on level 6 of the Dungeon.
You worshipped Gozag.
Gozag was aware of your devotion.
You visited 1 branch of the dungeon, and saw 6 of its levels.

You collected 398 gold pieces.
You paid 31 gold pieces to Gozag.

Inventory:

Hand Weapons
 a - a +0 long sword
 e - a +0 dagger
 f - a +0 hunting sling
 g - a +0 dagger
 h - a +0 dagger
 i - a +0 dagger
 j - a +0 hand axe
 l - a +0 dagger
 q - a +0 war axe
 u - a +0 flail
 w - a +0 hand axe
 z - a +0 spear
 A - a +0 trident
 D - a +0 dagger
 F - a +2 spear of venom
 K - a +4 war axe (weapon)
 M - a +3 battleaxe
Missiles
 k - 7 silver boomerangs (quivered)
 p - 47 bolts
 r - 5 boomerangs
 t - 83 stones
 G - 15 sling bullets
Armour
 b - a +0 scale mail
 c - a +0 kite shield (worn)
 d - a +0 robe of the Archmagi
 s - a +0 robe
 x - a +2 ring mail of poison resistance
 y - a +0 chain mail (worn)
Jewellery
 o - an amulet of faith
Wands
 m - a wand of flame (8)
Scrolls
 n - a scroll of enchant weapon
 v - a scroll of amnesia {unknown}
 B - 3 scrolls of enchant armour {unknown}
 H - 2 scrolls of identify {unknown}
 I - a scroll of vulnerability {unknown}
 J - a scroll of magic mapping {unknown}
Potions
 C - a potion of ambrosia
 E - a potion of mutation
 L - a potion of might


   Skills:
 + Level 5.5 Fighting
 - Level 4.8 Long Blades
 * Level 3.2 Axes
 + Level 1.5(1.6) Slings
 + Level 0.2(1.0) Throwing
 + Level 5.4 Armour
 + Level 1.4 Dodging
 + Level 0.2 Stealth
 + Level 5.2 Shields


You had 7 spell levels left.
You didn't know any spells.
Your spell library was empty.

Dungeon Overview and Level Annotations

Branches:
Dungeon (6/15)
 Temple: D:4-7

Altars:
Cheibriados
Dithmenos
Fedhas
Gozag
Hepliaklqana
Xom

Shops:
D:1 [?

Annotations:
D:4 Robin
D:6 Edmund


Innate Abilities, Weirdness & Mutations

You have a somewhat thin skeletal structure. (Dex +2, Stealth+)


Message History

Edmund hits you with a +4 flail of holy wrath.
Cleave: K) +4 war axe
Press: ? - help, Dir - move target, f - sky beast, p - Edmund
Aim: a sky beast (moderately wounded, about 50% to evade your +4 war axe)
You slash the sky beast!
The sky beast is almost dead.
You hit the wight but do no damage. You slash the howler monkey zombie!
You hit Edmund.
The sky beast hits you but does no damage.
The wight hits you with a +0 flail.
You block the howler monkey zombie's attack.
Edmund hits you with a +4 flail of holy wrath.
The sky beast hits you but does no damage.
The howler monkey zombie barely misses you.
You block the wight's attack.
Cleave: K) +4 war axe
Press: ? - help, Dir - move target, f/p - sky beast
Aim: a sky beast (severely wounded, about 50% to evade your +4 war axe)
You barely miss the sky beast.
The sky beast is severely wounded.
You hit Edmund but do no damage. You hit the howler monkey zombie.
You hit the wight.
Edmund hits you with a +4 flail of holy wrath.
The sky beast flickers out of sight!
Deactivating autopickup; reactivate with Ctrl-A.
Something hits you. Something shocks you. The wight barely misses you.
You block the howler monkey zombie's attack.
Edmund hits you with a +4 flail of holy wrath!
* * * LOW HITPOINT WARNING * * *
Something hits you.
* * * LOW HITPOINT WARNING * * *
Something shocks you.
* * * LOW HITPOINT WARNING * * *
It was a potion of mutation.
You feel extremely strange.
Your bones become slightly less dense.
The wight hits you with a +0 flail.
* * * LOW HITPOINT WARNING * * *
You feel drained.
You die...
Your body crumbles into a pile of gold.

............. .....
.$.......... .#. ...
........... ...... ...
........ . ...... ...
###h..... ... ...... #.#
#hh....#....# ......##.##
#c###..#.....
..........###@##.........
....>...<.##@Z...........
..........##{z...........
.........[...............
..#......)..W.......###..
.................#...# #
..........#......#.....
.........##..#..#.......
.............##.......#.
......#.##........###'#


You could see Edmund, a phantom, a centaur, 2 howler monkeys, a hound, a wight
and a howler monkey zombie.

Vanquished Creatures
  A black bear (D:2)
  A necrophage (D:4)
  Blork the orc (D:4)
  2 howler monkeys
  2 wights (D:6)
  A centaur zombie (D:6)
  A jelly (D:5)
  2 orc priests
  Jessica (D:3)
  Ijyb (D:2)
  4 orc wizards
  An iguana (D:4)
  A hound skeleton (D:4)
  2 adders
  A white imp (D:5)
  An ufetubus (D:6)
  2 adder skeletons (D:4)
  2 worms
  3 dart slugs
  12 orcs
  4 ball pythons
  3 endoplasms
  A giant cockroach (D:4)
  15 goblins
  9 hobgoblins
  8 jackals
  A quokka (D:2)
  7 bats
  2 frilled lizards (D:1)
  5 kobolds
  2 rats
99 creatures vanquished.

Vanquished Creatures (others)
  25 plants
25 creatures vanquished.

Grand Total: 124 creatures vanquished

Notes
Turn   | Place    | Note
-------+----------+-------------------------------------------
     0 | D:1      | zsapi the Hill Orc Fighter began the quest for the Orb.
     0 | D:1      | Reached XP level 1. HP: 19/19 MP: 1/1
   278 | D:1      | Reached XP level 2. HP: 14/27 MP: 2/2
   305 | D:1      | Found a faded altar of an unknown god.
   357 | D:1      | Found Xoinuitz's Magic Scroll Shoppe.
   640 | D:2      | Reached XP level 3. HP: 22/33 MP: 3/3
   929 | D:1      | Found Ini Hoko's Antique Armour Shop.
  1013 | D:2      | Reached XP level 4. HP: 39/40 MP: 4/4
  1271 | D:2      | Found a blossoming altar of Fedhas.
  1393 | D:3      | Found a hazy altar of Hepliaklqana.
  1635 | D:3      | Found a shadowy altar of Dithmenos.
  1666 | D:3      | Noticed Ijyb
  1694 | D:2      | Killed Ijyb
  1695 | D:2      | Reached skill level 1 in Slings
  1695 | D:2      | Reached XP level 5. HP: 24/46 MP: 5/5
  2300 | D:3      | Noticed Jessica
  2306 | D:3      | Killed Jessica
  2426 | D:3      | Found an opulent altar of Gozag.
  2434 | D:3      | Became a worshipper of Gozag Ym Sagoz the Greedy
  2573 | D:4      | Noticed a black bear
  2573 | D:4      | Noticed a necrophage
  2617 | D:2      | Killed a black bear
  2618 | D:2      | Reached XP level 6. HP: 39/53 MP: 6/6
  2673 | D:4      | Killed a necrophage
  2678 | D:4      | Noticed Robin
  2912 | D:4      | Reached XP level 7. HP: 58/60 MP: 7/7
  3048 | D:4      | Reached skill level 5 in Fighting
  3087 | D:4      | Noticed Blork the orc
  3105 | D:4      | Killed Blork the orc
  3106 | D:4      | Reached skill level 5 in Armour
  3354 | D:5      | Entered Level 5 of the Dungeon
  3354 | D:5      | Found a snail-covered altar of Cheibriados.
  3365 | D:5      | Reached skill level 5 in Shields
  3379 | D:5      | Reached skill level 1 in Axes
  3398 | D:5      | Found a shimmering altar of Xom.
  3699 | D:6      | Reached skill level 1 in Dodging
  3736 | D:6      | Noticed Edmund
  3750 | D:6      | Reached XP level 8. HP: 53/69 MP: 8/8
  3759 | D:6      | Gained mutation: You have a somewhat thin skeletal
                  | structure. (Dex +2, Stealth+) [potion of mutation]
  3759 | D:6      | HP: 1/69 [wight (5)]
  3759 | D:6      | Slain by a wight

Illustrated notes

Levels and vault maps discovered:
D:1:      dpeg_cavernosity, layout_rooms,
          hellmonk_ecumenical_altar_heavens_door, serial_shops, shop, shop,
          nicolae_square_shop, serial_bayou, serial_bayou_pond_a,
          serial_bayou_ford_a, serial_bayou_lake_a, serial_bayou_pond_d
D:2:      layout_basic, basic_altar
D:3:      layout_loops_ring, mainiacjoe_overflow_catch_the_wave,
          nicolae_hepliaklqana_hazy_memory, gammafunk_ghost_cemetery,
          kennysheep_generic_room_14, uniq_crazy_yiuf_cottage, uniq_ijyb,
          uniq_jessica
D:4:      layout_basic, minmay_crystal_water, uniq_blork_the_orc, uniq_robin,
          uniq_menkaure
D:5:      layout_cave_pods, old_standard_altar, nicolae_overflow_hidden_temple,
          minmay_temple_entry_glassed_door
D:6:      lemuel_castle_with_subvaults [lemuel_castle_interior_carwin_2],
          layout_cave_pools, chequers_serial_rivers_micro_d, kennysheep_potato,
          uniq_edmund

Skill      XL: |  1  2  3  4  5  6  7 |
---------------+----------------------+-----
Fighting       | 4 5 |  5.5
Long Blades    | 3 4 |  4.8
Shields        | 4 5 |  5.2
Slings         | 1 |  1.5
Armour         | 4 5 |  5.4
Axes           | 3 |  3.2
Dodging        | 1 |  1.4
Throwing       | |  0.2
Stealth        | |  0.2

Action                   |  1- 3 |  4- 6 |  7- 9 || total
-------------------------+-------+-------+-------++-------
Melee: Long sword        |    89 |   150 |    43 ||   282
       War axe           |       |       |    47 ||    47
       Hand axe          |       |       |     1 ||     1
 Fire: Hunting sling     |     5 |    13 |     9 ||    27
Throw: Stone             |     5 |       |       ||     5
       Boomerang         |       |     1 |     7 ||     8
  Use: Potion            |     1 |     1 |     3 ||     5
       Scroll            |       |       |     1 ||     1
Armor: Scale mail        |    57 |    16 |       ||    73
       Chain mail        |       |    84 |    66 ||   150
Dodge: Dodged            |    34 |    42 |    20 ||    96
Block: Kite shield       |    42 |    99 |    57 ||   198
       Rpst.: Long sword |     7 |     8 |     4 ||    19
